 Dungeon Crawl Stone Soup version 0.18-a0-1637-g109f206 (webtiles) character file.

123717 namelastname112 the Severer (level 16, -10/219 HPs)
             Began as a Grey Draconian Berserker on Mar 26, 2016.
             Was a High Priest of Trog.
             Mangled by a halberd of protection (27 damage)
             ... on level 2 of the Depths.
             The game lasted 00:56:30 (21936 turns).

namelastname112 the Severer (DrBe)                 Turns: 21936, Time: 00:56:31

Health: -10/219    AC: 12    Str: 32    XL:     16   Next: 37%
Magic:  16/16      EV: 21    Int: 16    God:    Trog [*****.]
Gold:   2283       SH:  7    Dex: 17    Spells: 0 memorised, 15 levels left

rFire  + . .     SeeInvis .     A - +6 broad axe (elec)
rCold  . . .     Gourm    +     (armour unavailable)
rNeg   + . .     Faith    .     N - +0 buckler "Vevack" {+Blink Regen+ Int+7}
rPois  +         Spirit   .     O - +1 hat {MR+}
rElec  .         Dismiss  .     C - +2 cloak of the Countless Wishes {rPois rN+ Str+4}
rCorr  .         Reflect  .     t - +0 pair of gloves
SustAt .         Harm     .     d - +0 pair of boots
MR     ++...                    o - amulet of the gourmand
Stlth  ..........               E - ring of Etykofer {Wiz rF+ Int+2}
                                i - +3 ring of slaying

@: berserking (expiring), corroded, very quick, very resistant to hostile
enchantments, extremely unstealthy
A: walk through water, unfitting armour, hooves 1, slow regeneration 1, strong
1, unbreathing, cold-blooded, AC +14
a: Berserk, Trog's Hand, Brothers in Arms, Burn Spellbooks, Renounce Religion,
Evoke Blink


You were on level 2 of the Depths.
You worshipped Trog.
Trog was extremely pleased with you.
You were not hungry.

You visited 2 branches of the dungeon, and saw 18 of its levels.
You also visited: Bailey.

You collected 2520 gold pieces.
You spent 237 gold pieces at shops.

Inventory:

Hand Weapons
 A - a +6 broad axe of electrocution (weapon)
Missiles
 e - 3 javelins of penetration
 s - 50 tomahawks of returning
 y - 5 javelins of returning (quivered)
Armour
 d - a +0 pair of boots (worn)
 t - a +0 pair of gloves (worn)
 C - the +2 cloak of the Countless Wishes (worn) {rPois rN+ Str+4}
   (You acquired it on level 12 of the Dungeon)

   It affects your strength (+4).
   It protects you from poison.
   It protects you from negative energy.
 N - the +0 buckler "Vevack" (worn) {+Blink Regen+ Int+7}
   (You acquired it on level 12 of the Dungeon)

   It affects your intelligence (+7).
   It lets you blink.
   It increases your rate of regeneration.
 O - a +1 hat of magic resistance (worn)
Jewellery
 i - a +3 ring of slaying (left hand)
 k - an uncursed ring of ice
 m - an uncursed ring of see invisible
 o - an amulet of the gourmand (around neck)
 B - an uncursed ring of poison resistance
 E - the ring of Etykofer (right hand) {Wiz rF+ Int+2}
   (You bought it in a shop on level 5 of the Dungeon)

   [ring of wizardry]

   It improves your spell success rate.
   It affects your intelligence (+2).
   It protects you from fire.
 T - an uncursed ring of positive energy
Wands
 F - a wand of digging (6/24)
 I - a wand of digging (5/24)
 R - a wand of teleportation (9/9)
 W - a wand of lightning (3/15)
Scrolls
 c - 5 scrolls of immolation
 g - 2 scrolls of enchant armour
 j - 2 scrolls of teleportation
 l - 3 scrolls of identify
 p - 3 scrolls of magic mapping
 u - a scroll of fog
 v - 7 scrolls of remove curse
 M - a scroll of recharging
Potions
 h - 8 potions of curing
 w - 2 potions of brilliance
 D - a potion of might
 G - a potion of invisibility
 H - a potion of agility
 J - 2 potions of cancellation
 K - 3 potions of flight
 P - 2 potions of haste
 Q - 2 potions of resistance
 S - 2 potions of berserk rage
Books
 a - a book of Fire

   Spells                             Type                      Level
   a - Ignite Poison                  Fire/Transmutation/Poison    3
   b - Fireball                       Conjuration/Fire             5
   c - Bolt of Fire                   Conjuration/Fire             6
   d - Delayed Fireball               Conjuration/Fire             7
   e - Ring of Flames                 Charms/Fire                  7
   Trog disapproves of the use of such an item.
 f - a book of Frost

   Spells                             Type                      Level
   a - Freeze                         Ice                          1
   b - Throw Frost                    Conjuration/Ice              2
   c - Ozocubu's Armour               Charms/Ice                   3
   d - Throw Icicle                   Conjuration/Ice              4
   e - Summon Ice Beast               Ice/Summoning                4
   Trog disapproves of the use of such an item.
 x - a book of Debilitation

   Spells                             Type                      Level
   a - Corona                         Hexes                        1
   b - Slow                           Hexes                        2
   c - Gell's Gravitas                Hexes/Translocation          3
   d - Inner Flame                    Hexes/Fire                   3
   e - Cause Fear                     Hexes                        4
   f - Leda's Liquefaction            Hexes/Earth                  4
   Trog disapproves of the use of such an item.
Comestibles
 b - 15 bread rations
 r - 3 beef jerkies
 z - 6 fruits


   Skills:
 + Level 14.0 Fighting
 * Level 17.1 Axes
 + Level 10.0 Throwing
 + Level 11.9 Dodging
 * Level 12.4 Shields


You had 15 spell levels left.
You didn't know any spells.

Dungeon Overview and Level Annotations

Branches:
Dungeon (15/15)            Temple (0/1) D:5            Lair (0/8) D:10
    Orc (0/2) D:11         Vaults (0/5) D:14         Depths (3/5) D:15

Altars:
Ashenzari
Dithmenos
Elyvilon
Fedhas
Gozag
Kikubaaqudgha
Okawaru
Pakellas
Sif Muna
Trog
Yredelemnul
Zin
The Shining One

Shops:
D:5 *   D:6 %   D:8 :   D:10 !

Portals:
Hell: Depths:1
Abyss: Depths:1
Pandemonium: Depths:1

Annotations:
Depths:1 Mara
Depths:2 exclusion: 2 obsidian statues


Innate Abilities, Weirdness & Mutations

You can walk through water.
Your dull iron-grey scales are very hard (AC +14).
Your body does not fit into most forms of armour.
You can survive without breathing.
You are cold-blooded and may be slowed by cold attacks.
You have large cloven feet.
You regenerate slowly when monsters are visible.
Your muscles are strong. (Str +2)


Message History

You hit the crystal guardian but do no damage.
You tail-slap the crystal guardian, but do no damage.
The crystal guardian is lightly damaged.
You slash the halberd of protection!
The halberd of protection is severely damaged.
The halberd of protection hits you!
* * * LOW HITPOINT WARNING * * *
The crystal guardian fires a crystalline bolt at you.
The crystal bolt misses you.
You hit the crystal guardian but do no damage.
The crystal guardian is lightly damaged.
You hit the halberd of protection but do no damage.
The halberd of protection is heavily damaged.
You hit the crystal guardian but do no damage.
You tail-slap the crystal guardian!
The crystal guardian is moderately damaged.
You miss the halberd of protection.
The halberd of protection is heavily damaged.
The halberd of protection hits you!!
You die...

#...#...#...#
#...........#
#...#...#...#
##.........#
####'''####
##.......##
##.........##
#...........#.#
....*.8(@†.....#
####....8....####
#.........#
##.##>##.## ...
### .. #### ###


You could see 2 crystal guardians, a halberd of protection and a ball lightning.

Vanquished Creatures
  A caustic shrike (shapeshifter) (Depths:2)
  A profane servitor (Depths:1)
  A quicksilver dragon (shapeshifter) (Depths:1)
  A sphinx (shapeshifter) (Depths:2)
  A titan (Depths:2)
  A tengu reaver (Depths:1)
  The ghost of namelastname112 the Carver, a journeyman DrBe of Trog (D:15)
  A frost giant (Depths:1)
  2 very ugly things (Depths:2)
  A juggernaut zombie (Depths:1)
  A ghoul (D:14)
  4 stone giants (Depths:1)
  2 war gargoyles (Depths:2)
  Nessos (D:14)
  An ettin (Depths:1)
  2 pearl dragon zombies (Depths:1)
  A blizzard demon (Depths:2)
  2 merfolk impalers (Depths:1)
  A fire dragon (Depths:1)
  8 vault guards (D:14)
  8 crystal guardians (Depths:2)
  Erolcha (D:14)
  An ice dragon (Depths:1)
  A rakshasa (D:15)
  An ogre mage (Depths:1)
  3 hydras
  2 anacondas (shapeshifter)
  3 entropy weavers (Depths:1)
  A death knight (Depths:1)
  3 centaur warriors
  5 dancing weapons (Depths:2)
  A tengu warrior (D:15)
  2 deep troll shamans (Depths:1)
  A hell hog (shapeshifter) (Depths:2)
  2 deep troll earth magi (Depths:1)
  3 hell hogs (Depths:1)
  Nergalle (D:10)
  5 skeletal warriors
  6 deep trolls (Depths:1)
  A shadow demon (Depths:1)
  An obsidian statue (Depths:2)
  A flayed ghost (Depths:1)
  7 giant orange brains
  A torturous demonspawn (Depths:1)
  2 deep elf magi
  2 wizards (Depths:1)
  3 necromancers (Depths:1)
  A giant orange brain (shapeshifter) (Depths:2)
  A hill giant (shapeshifter) (Depths:2)
  6 hill giants
  A tengu zombie (Depths:1)
  14 ugly things
  2 manticores
  A mana viper (shapeshifter) (D:15)
  A cyclops (D:15)
  A griffon (shapeshifter) (Depths:2)
  A moth of wrath (shapeshifter) (Depths:2)
  3 apis skeletons (Depths:1)
  Joseph (D:9)
  A molten gargoyle (Depths:2)
  Psyche (D:9)
  A guardian serpent (D:15)
  8 gargoyles
  6 yaktaurs (Depths:1)
  2 kobold demonologists
  A komodo dragon (shapeshifter) (Depths:2)
  2 tengu conjurers
  A guardian mummy (D:14)
  3 red devils (Depths:1)
  3 two-headed ogres
  A wind drake (Depths:2)
  A blink frog (shapeshifter) (D:13)
  A tengu simulacrum (Depths:1)
  An ettin zombie (Depths:1)
  A raiju (shapeshifter) (Depths:2)
  19 slime creatures
  A stone giant simulacrum (Depths:1)
  5 redbacks (Depths:1)
  A shadow (D:14)
  4 water elementals
  A spriggan (D:11)
  3 air elementals (Depths:2)
  2 wraiths (D:9)
  Grum (D:8)
  8 yaks
  A tarantella (Depths:1)
  A human (shapeshifter) (Depths:1)
  A fire bat (shapeshifter) (Depths:2)
  3 wyverns
  9 fire elementals (Depths:2)
  3 vampire mosquitoes (D:11)
  3 hippogriffs
  A steam dragon (D:12)
  2 yaktaur simulacra (Depths:1)
  A hungry ghost (D:13)
  A basilisk (D:11)
  5 insubstantial wisps (Depths:2)
  3 wargs (D:11)
  2 water moccasins
  Duvessa (D:5)
  A wasp (D:8)
  5 sky beasts
  6 ice beasts
  15 orc warriors
  2 eyes of draining
  An eye of draining (shapeshifter) (Depths:2)
  3 phantoms
  A sky beast (shapeshifter) (D:15)
  10 ogres
  7 boggarts
  3 wolves (D:8)
  6 centaurs
  A crocodile (D:12)
  4 big kobolds
  A wyvern zombie (D:14)
  8 giant frogs
  11 earth elementals (Depths:2)
  Dowan (D:5)
  5 scorpions
  A wyvern skeleton (D:14)
  6 wights (D:9)
  9 killer bees
  7 howler monkeys
  A giant frog zombie (D:8)
  6 crimson imps
  5 centaur zombies
  A human zombie (D:9)
  4 jellies
  A giant frog skeleton (D:4)
  4 hounds
  14 orc priests
  18 orc wizards
  A human skeleton (D:9)
  Jessica (D:4)
  4 iguanas
  Crazy Yiuf (D:7)
  12 worker ants
  2 ogre skeletons (D:9)
  3 hound skeletons
  4 mummies (D:9)
  A worker ant zombie (D:6)
  A gnoll (Bailey)
  A howler monkey skeleton (D:9)
  17 adders
  7 shadow imps
  2 oozes
  An adder skeleton (D:6)
  A worm (D:4)
  2 dart slugs
  7 giant geckos
  56 orcs
  2 ball pythons
  12 bats
  3 giant cockroaches
  15 goblins
  12 hobgoblins
  3 jackals (D:8)
  44 kobolds
  A quokka (D:7)
  4 giant newts
  A jackal zombie (D:5)
  An orc zombie (D:9)
  A quokka zombie (D:8)
  8 rats
  A withered plant (D:14)
651 creatures vanquished.

Vanquished Creatures (collateral kills)
  2 war gargoyles (Depths:2)
  An apis skeleton (Depths:1)
  A water elemental (Depths:2)
  4 yaks (D:8)
  A naga (shapeshifter) (Depths:2)
  A bat (D:8)
10 creatures vanquished.

Vanquished Creatures (others)
  9 ball lightnings (Depths:2)
  An orc (D:8)
  A quokka (D:12)
  5 fungi (D:8)
  13 plants
  A withered plant (D:14)
30 creatures vanquished.

Grand Total: 691 creatures vanquished

Notes
Turn   | Place    | Note
--------------------------------------------------------------
     0 | D:1      | namelastname112 the Draconian Berserker began the quest for the Orb.
     0 | D:1      | Reached XP level 1. HP: 19/19 MP: 1/1
    25 | D:1      | xeno23: попробовал бы лучше гриндера выебать
    55 | D:1      | xeno23: под берсом
    70 | D:1      | xeno23: и ф б
    87 | D:1      | xeno23: а б
   103 | D:1      | Reached XP level 2. HP: 26/26 MP: 2/2
   275 | D:1      | namelastname112: не хочу драться с гриндером когда он в инвизе
   542 | D:1      | xeno23: да там пара ударов и он отъедет
   652 | D:1      | xeno23: берс имба
   652 | D:1      | namelastname112: попасть еше
   652 | D:1      | namelastname112: еще
   678 | D:2      | Reached ** piety under Trog
   681 | D:2      | Reached XP level 3. HP: 33/33 MP: 3/3
   958 | D:2      | Reached skill level 4 in Axes
   960 | D:2      | Found a faded altar to an unknown god.
   997 | D:2      | Found an iron altar of Okawaru.
   997 | D:2      | Found an oddly glowing altar of Pakellas.
  1273 | D:3      | Reached XP level 4. HP: 40/40 MP: 4/4
  1563 | D:3      | Found a blossoming altar of Fedhas.
  1806 | D:3      | Reached *** piety under Trog
  1904 | D:4      | Noticed an ogre
  1912 | D:4      | Killed an ogre
  1912 | D:4      | Reached XP level 5. HP: 47/47 MP: 5/5
  1991 | D:4      | Reached skill level 5 in Axes
  2138 | D:4      | Reached XP level 6. HP: 36/53 MP: 6/6
  2139 | D:4      | xeno23: бля
  2156 | D:4      | xeno23: помню этот волт
  2218 | D:4      | xeno23: с кобольдами и зверями за решеткой
  2218 | D:4      | namelastname112: там раньше халфлинги были
  2218 | D:4      | namelastname112: вместо зверей
  2218 | D:4      | xeno23: лол
  2294 | D:4      | Reached skill level 5 in Fighting
  2320 | D:4      | xeno23: я как-то раз голодал в старвинге
  2373 | D:4      | xeno23: смотрю - звери
  2541 | D:4      | xeno23: ну начал кусты ломать
  2726 | D:4      | Noticed Jessica
  2727 | D:4      | xeno23: так и сдох от голода, не успел сломать
  2746 | D:4      | Killed Jessica
  2749 | D:4      | Found a deep blue altar of Sif Muna.
  2794 | D:4      | Found a shadowy altar of Dithmenos.
  2898 | D:4      | Reached skill level 6 in Axes
  2899 | D:4      | Found a shattered altar of Ashenzari.
  2936 | D:4      | namelastname112: что за старвинг?
  3006 | D:4      | namelastname112: ааа
  3006 | D:4      | namelastname112: лол
  3006 | D:4      | xeno23: вот так
  3134 | D:5      | Entered Level 5 of the Dungeon
  3135 | D:5      | Found a staircase to the Ecumenical Temple.
  3136 | D:5      | Noticed Dowan
  3137 | D:5      | Noticed Duvessa
  3156 | D:5      | Killed Duvessa
  3156 | D:5      | Your scales start taking on a dull iron-grey colour.
  3156 | D:5      | Reached XP level 7. HP: 61/61 MP: 7/7
  3156 | D:5      | Gained mutation: You can survive without breathing. [Grey Draconian growth]
  3166 | D:5      | Killed Dowan
  3231 | D:5      | Reached **** piety under Trog
  3255 | D:5      | Reached skill level 7 in Axes
  3274 | D:5      | Gained mutation: You have large cloven feet. [mutagenic meat]
  3619 | D:5      | Found an ancient bone altar of Kikubaaqudgha.
  3685 | D:5      | You fall through a shaft for 2 floors!
  3756 | D:6      | Reached XP level 8. HP: 47/70 MP: 8/8
  3914 | D:6      | Reached skill level 5 in Dodging
  3970 | D:6      | xeno23: ты раз уж челендж делаешь
  3973 | D:5      | xeno23: делал бы минотавром
  3998 | D:5      | xeno23: драконы скорей под магов же заточены
  3998 | D:5      | namelastname112: не
  3998 | D:5      | namelastname112: я как-то раз до пятого депса аж добрался
  3998 | D:5      | namelastname112: и норм было
  4180 | D:5      | xeno23: ну мибе ты можешь армор начепить
  4226 | D:5      | xeno23: а там голожопый бегаешь
  4281 | D:5      | xeno23: так*
  4282 | D:5      | Found Ruwnist's Assorted Antiques.
  4305 | D:5      | Reached skill level 8 in Axes
  4331 | D:5      | Bought a shimmering tin ring for 125 gold pieces
  4332 | D:5      | Identified the ring of Etykofer {Wiz rF+ Int+2} (You bought it in a shop on level 5 of the Dungeon)
  4740 | D:5      | xeno23: ты кстати к тсо собираешься потом перекатываться?
  4740 | D:5      | jacquesderrida: go namir go
  4755 | D:5      | namelastname112: ну да
  4755 | D:5      | namelastname112: или к хлебу
  4758 | D:5      | Gained mutation: Your body sometimes deteriorates upon taking damage. [mutagenic meat]
  4759 | D:5      | jacquesderrida: Slovinski ways
  4759 | D:5      | Gained mutation: You passively map a small area around you. [mutagenic meat]
  4760 | D:5      | Gained mutation: Your spells are a little easier to cast, but a little less powerful. [mutagenic meat]
  4761 | D:5      | Gained mutation: You are resistant to hostile enchantments. [mutagenic meat]
  4896 | D:4      | Found a basalt altar of Yredelemnul.
  5190 | D:6      | Found an opulent altar of Gozag.
  5218 | D:6      | Found Binoidue's Food Shoppe.
  5465 | D:7      | Reached skill level 9 in Axes
  5465 | D:7      | Reached XP level 9. HP: 59/79 MP: 9/9
  5545 | D:7      | Reached ***** piety under Trog
  6035 | D:7      | Noticed Crazy Yiuf
  6040 | D:7      | Killed Crazy Yiuf
  6195 | D:8      | Noticed Grum
  6222 | D:8      | Killed Grum
  6222 | D:8      | Reached skill level 10 in Axes
  6380 | D:8      | Found Ottiesuw's Book Boutique.
  6430 | D:8      | Found a flagged portal.
  6480 | Bailey   | Entered a bailey
  6766 | Bailey   | Reached XP level 10. HP: 90/90 MP: 10/10
  6818 | Bailey   | Reached skill level 1 in Throwing
  7140 | D:8      | Found a bloodstained altar of Trog.
  7451 | D:9      | Reached skill level 11 in Axes
  7451 | D:9      | Received a gift from Trog
  7618 | D:9      | Noticed Psyche
  7634 | D:9      | Killed Psyche
  8219 | D:9      | Found a white marble altar of Elyvilon.
  8219 | D:9      | Found a glowing silver altar of Zin.
  8219 | D:9      | Found a glowing golden altar of the Shining One.
  8496 | D:9      | Found a basalt altar of Yredelemnul.
  8523 | D:9      | Noticed Joseph
  8535 | D:9      | Killed Joseph
  8915 | D:9      | Noticed a centaur warrior
  9110 | D:10     | Entered Level 10 of the Dungeon
  9127 | D:10     | Noticed Nergalle
  9146 | D:10     | Killed Nergalle
  9146 | D:10     | Reached XP level 11. HP: 99/99 MP: 11/11
  9263 | D:10     | Found Peucus's Distillery.
  9269 | D:10     | Bought a potion of heal wounds for 70 gold pieces
  9269 | D:10     | Bought a potion of curing for 42 gold pieces
  9357 | D:10     | Reached skill level 12 in Axes
  9469 | D:10     | Found a staircase to the Lair.
  9696 | D:10     | xeno23: даже не знаю, что надо нерфить
  9723 | D:11     | xeno23: трога или мили в целом
  9723 | D:11     | xeno23: слишком имба
  9723 | D:11     | namelastname112: лол
  9723 | D:11     | namelastname112: почему имба?
  9723 | D:11     | namelastname112: бог для новичков
  9723 | D:11     | namelastname112: все норм
  9757 | D:11     | xeno23: ну просто прорезаешься спокойно через врагов
  9915 | D:11     | Reached skill level 10 in Fighting
 10096 | D:11     | Noticed a hill giant
 10104 | D:11     | Killed a hill giant
 10271 | D:11     | Received a gift from Trog
 10272 | D:11     | Got a pitted battleaxe {god gift}
 10273 | D:11     | Identified the +2 battleaxe of Ambiguity {chop, *Drain rC+ MR+ Str+2} (Trog gifted it to you on level 11 of the Dungeon)
 10414 | D:11     | Found a staircase to the Orcish Mines.
 11032 | D:12     | Found an oddly glowing altar of Pakellas.
 11167 | D:12     | Noticed a hill giant
 11176 | D:12     | Killed a hill giant
 11176 | D:12     | Reached skill level 5 in Throwing
 11177 | D:12     | Noticed a deep elf mage
 11198 | D:12     | HP: 2/101 [deep elf mage/bolt of lightning (24)]
 11201 | D:12     | Killed a deep elf mage
 11201 | D:12     | Reached skill level 13 in Axes
 11413 | D:12     | Identified 4 scrolls of acquirement
 11417 | D:12     | xeno23: жаль что рожа кривая
 11421 | D:12     | xeno23: шлем не налазит
 11436 | D:12     | xeno23: рандартный
 11437 | D:12     | xeno23: ладно
 11441 | D:12     | Got a distressingly furry buckler
 11442 | D:12     | xeno23: я пошел спать
 11447 | D:12     | Identified the +0 buckler "Vevack" {+Blink Regen+ Int+7} (You acquired it on level 12 of the Dungeon)
 11496 | D:12     | namelastname112: давай
 11579 | D:12     | Got a shimmering cloak
 11590 | D:12     | Identified the +2 cloak of the Countless Wishes {rPois rN+ Str+4} (You acquired it on level 12 of the Dungeon)
 11743 | D:12     | Received a gift from Trog
 11908 | D:12     | Lost mutation: Your spells are a little easier to cast, but a little less powerful. [potion of mutation]
 11908 | D:12     | Gained mutation: Scrolls take you a little longer to read. [potion of mutation]
 11908 | D:12     | Gained mutation: Your muscles are strong. (Str +2) [potion of mutation]
 11942 | D:13     | Noticed a seven-headed hydra
 12083 | D:13     | Killed a nine-headed hydra
 12083 | D:13     | Reached skill level 1 in Shields
 12190 | D:13     | Noticed a white ugly thing
 12197 | D:13     | Killed a white ugly thing
 12201 | D:13     | Gained mutation: Your large and strong wings let you fly indefinitely. [mutagenic meat]
 12203 | D:13     | Gained mutation: You regenerate slowly when monsters are visible. [mutagenic meat]
 12204 | D:13     | Gained mutation: You expend magic power (3 MP) to strengthen your wands. [mutagenic meat]
 12287 | D:13     | Reached XP level 12. HP: 99/108 MP: 12/12
 12293 | D:13     | Lost mutation: Your body sometimes deteriorates upon taking damage. [potion of cure mutation]
 12293 | D:13     | Lost mutation: You passively map a small area around you. [potion of cure mutation]
 12293 | D:13     | Lost mutation: Your large and strong wings let you fly indefinitely. [potion of cure mutation]
 12293 | D:13     | Lost mutation: You expend magic power (3 MP) to strengthen your wands. [potion of cure mutation]
 12294 | D:13     | Lost mutation: You are resistant to hostile enchantments. [potion of cure mutation]
 12294 | D:13     | Lost mutation: Scrolls take you a little longer to read. [potion of cure mutation]
 12365 | D:13     | Received a gift from Trog
 12874 | D:13     | Noticed a centaur warrior
 12884 | D:13     | Killed a centaur warrior
 13159 | D:14     | Noticed a ghoul
 13170 | D:14     | Killed a ghoul
 13170 | D:14     | Reached skill level 5 in Shields
 13215 | D:14     | Noticed Nessos
 13220 | D:14     | Received a gift from Trog
 13255 | D:14     | Killed Nessos
 13255 | D:14     | Reached skill level 14 in Axes
 13374 | D:14     | Noticed a seven-headed hydra
 13379 | D:14     | Killed a seven-headed hydra
 13379 | D:14     | Reached XP level 13. HP: 100/116 MP: 13/13
 13556 | D:14     | Noticed Erolcha
 13561 | D:14     | Killed Erolcha
 13724 | D:14     | Found a gate to the Vaults.
 13724 | D:14     | Noticed a vault guard
 13724 | D:14     | Noticed a vault guard
 13724 | D:14     | Noticed a vault guard
 13724 | D:14     | Noticed a vault guard
 13724 | D:14     | Noticed a vault guard
 13726 | D:14     | Noticed a vault guard
 13728 | D:14     | Noticed a vault guard
 13729 | D:14     | Noticed a vault guard
 13732 | D:14     | Killed a vault guard
 13734 | D:14     | Killed a vault guard
 13738 | D:14     | Killed a vault guard
 13741 | D:14     | Killed a vault guard
 13741 | D:14     | Reached skill level 10 in Dodging
 13745 | D:14     | Killed a vault guard
 13748 | D:14     | Killed a vault guard
 13748 | D:14     | Received a gift from Trog
 13752 | D:14     | Killed a vault guard
 13763 | D:14     | Killed a vault guard
 14173 | D:15     | Entered Level 15 of the Dungeon
 14173 | D:15     | Noticed namelastname112's ghost (journeyman DrBe)
 14742 | D:15     | Killed namelastname112's ghost
 15538 | D:15     | Reached skill level 15 in Axes
 15578 | D:15     | Found a staircase to the Depths.
 15586 | D:15     | Reached XP level 14. HP: 121/126 MP: 6/14
 15676 | Depths:1 | Entered Level 1 of the Depths
 16173 | Depths:1 | Found a one-way gate leading to the halls of Pandemonium.
 16174 | Depths:1 | Noticed a stone giant
 16330 | Depths:1 | Received a gift from Trog
 16479 | Depths:1 | Noticed a stone giant
 16494 | Depths:1 | Killed a stone giant
 16601 | Depths:1 | Noticed a stone giant
 16603 | Depths:1 | Noticed a stone giant
 16625 | Depths:1 | Killed a stone giant
 16628 | Depths:1 | Killed a stone giant
 16945 | Depths:1 | Noticed a frost giant
 16956 | Depths:1 | Killed a frost giant
 17201 | Depths:1 | Reached skill level 10 in Shields
 17204 | Depths:1 | Noticed a fire giant
 17204 | Depths:1 | an alligator snapping turtle changed into a fire giant
 17213 | Depths:1 | Noticed a quicksilver dragon
 17213 | Depths:1 | a fire giant changed into a quicksilver dragon
 17226 | Depths:1 | Killed a quicksilver dragon
 17583 | Depths:1 | Reached XP level 15. HP: 135/135 MP: 15/15
 17592 | Depths:1 | Found a basalt altar of Yredelemnul.
 17595 | Depths:1 | Noticed a profane servitor
 17793 | Depths:1 | Killed a profane servitor
 17793 | Depths:1 | Reached skill level 16 in Axes
 18561 | Depths:1 | Noticed Mara
 18581 | Depths:1 | Noticed namelastname112's illusion
 18696 | Depths:1 | Received a gift from Trog
 18904 | Depths:1 | Found a gateway to Hell.
 18957 | Depths:1 | Found a one-way gate to the infinite horrors of the Abyss.
 19182 | Depths:1 | Noticed a tengu reaver
 19198 | Depths:1 | Killed a tengu reaver
 19245 | Depths:1 | Noticed namelastname112's illusion
 20928 | Depths:2 | Reached XP level 16. HP: 95/145 MP: 16/16
 20928 | Depths:2 | Noticed a quicksilver dragon
 20928 | Depths:2 | a stone giant changed into a quicksilver dragon
 21363 | Depths:2 | Noticed a caustic shrike
 21363 | Depths:2 | Noticed a titan
 21363 | Depths:2 | a caustic shrike changed into a titan
 21365 | Depths:2 | Noticed a hellephant
 21365 | Depths:2 | a titan changed into a hellephant
 21374 | Depths:2 | Reached skill level 17 in Axes
 21376 | Depths:2 | Noticed a juggernaut
 21376 | Depths:2 | Noticed a titan
 21376 | Depths:2 | a juggernaut changed into a titan
 21378 | Depths:2 | Noticed a juggernaut
 21378 | Depths:2 | a titan changed into a juggernaut
 21380 | Depths:2 | Noticed a hellephant
 21380 | Depths:2 | a juggernaut changed into a hellephant
 21407 | Depths:2 | Noticed a shard shrike
 21407 | Depths:2 | a hellephant changed into a shard shrike
 21408 | Depths:2 | Noticed a titan
 21408 | Depths:2 | a shard shrike changed into a titan
 21409 | Depths:2 | Noticed a shard shrike
 21409 | Depths:2 | a titan changed into a shard shrike
 21415 | Depths:2 | Noticed a hellephant
 21415 | Depths:2 | Noticed a titan
 21415 | Depths:2 | a hellephant changed into a titan
 21547 | Depths:2 | Noticed a shadow dragon
 21548 | Depths:2 | Noticed a caustic shrike
 21548 | Depths:2 | a shadow dragon changed into a caustic shrike
 21549 | Depths:2 | Noticed a shadow dragon
 21549 | Depths:2 | a caustic shrike changed into a shadow dragon
 21550 | Depths:2 | Noticed a quicksilver dragon
 21550 | Depths:2 | a shadow dragon changed into a quicksilver dragon
 21554 | Depths:2 | a quicksilver dragon changed into a fire giant
 21564 | Depths:2 | Noticed a sphinx
 21564 | Depths:2 | a fire giant changed into a sphinx
 21568 | Depths:2 | Killed a sphinx
 21909 | Depths:2 | Noticed a titan
 21918 | Depths:2 | Noticed an acid blob
 21918 | Depths:2 | an iron dragon changed into an acid blob
 21925 | Depths:2 | Killed a titan
 21931 | Depths:2 | Noticed a caustic shrike
 21931 | Depths:2 | an acid blob changed into a caustic shrike
 21933 | Depths:2 | Killed a caustic shrike
 21933 | Depths:2 | Reached skill level 10 in Throwing
 21936 | Depths:2 | Mangled by a halberd of protection

Vault maps used:
D:1:      arrival_zaba_pyramid, minmay_misc_feat_four_crosses
D:2:      gammafunk_temple_overflow_wave, ecumenical_altar_1
D:3:      fedhas_altar_2, first_bread, minmay_misc_feat_more_columns,
          minmay_misc_feat_doors
D:4:      lemuel_upstairs_altar, tgw_sif, kennysheep_mini_moat,
          grunt_dithmenos_smoke, minmay_crystal_water, lexackson_kobold_supper
D:5:      kennysheep_mini, minmay_temple_entry_mist, serial_shops,
          shop_fountains, uniq_duvessa
D:6:      old_standard_altar, serial_shops, shop
D:7:      uniq_crazy_yiuf_cottage
D:8:      old_forge, kennysheep_little_box, enter_bailey_3, serial_shops,
          nicolae_shop_behind_doors, uniq_grum
D:9:      good_gods_mini_temple, lemuel_mausoleum_altar_yredelemnul,
          uniq_joseph, uniq_psyche
D:10:     lair_0_dummy, serial_shops, shop, uniq_nergalle
D:11:     minmay_orc_entry_guard_dogs, serial_corexii_hall,
          corexii_hall_statues_i, corexii_hall_statues_l, the_bakery
D:12:     basic_altar, feat_on_display
D:13:     uniq_erolcha
D:14:     erik_vaults_2, columned_hall_lemuel, serial_undead, serial_undead_c,
          serial_undead_c, serial_undead_e, serial_undead_f, serial_undead_d,
          uniq_nessos
D:15:     gammafunk_enter_depths_forms, hangedman_abyss_or_decor_stagger,
          fake_guardian_serpent_vault
Depths:1: abyss_entry, rand_demon_pan_entry_4, hell_entry, hangedman_blasphemy,
          serial_bayou_shore_a, uniq_mara
Depths:2: radiant_caverns_a_rkd, hell_entry
Depths:3: minmay_isolated_rectangles_in_corner, hangedman_abyss_or_decor_stabs,
          grunt_hell_entry_demonic_statue, pan_entry, minmay_misc_feat_roman,
          serial_bayou_shore_b
Bailey:   bailey_axe_1, bailey

Skill      XL: |  1  2  3  4  5  6  7  8  9 10 11 12 13 14 15 16 |
---------------+-------------------------------------------------+-----
Dodging        | 3 4 5 7 8 9 10 11 | 11.9
Axes           | 4 5 6 7 9 10 11 13 14 15 16 17 | 17.1
Fighting       | 4 5 6 7 8 9 10 11 12 13 14 | 14.0
Throwing       | 3 5 6 7 8 9 10 | 10.0
Shields        | 1 5 8 10 11 12 | 12.4

Action                   |  1- 3 |  4- 6 |  7- 9 | 10-12 | 13-15 | 16-18 || total
-------------------------+-------+-------+-------+-------+-------+-------++-------
Melee: Hand axe          |    95 |   143 |   469 |    25 |       |       ||   732
       Battleaxe         |       |       |       |   427 |       |       ||   427
       Broad axe         |       |       |       |   182 |   798 |   131 ||  1111
Throw: Tomahawk          |       |       |    13 |     7 |    15 |       ||    35
       Javelin           |       |       |       |     4 |    34 |     4 ||    42
Invok: Berserk           |     1 |     4 |     7 |    12 |    24 |     3 ||    51
       Trog's Hand       |       |       |     3 |     2 |     2 |       ||     7
       Brothers in Arms  |       |       |     2 |     1 |     2 |       ||     5
Evoke: Wand              |       |       |     1 |     6 |     1 |       ||     8
  Use: Scroll            |       |     7 |     8 |    17 |    14 |     1 ||    47
       Potion            |       |       |       |     8 |     1 |       ||     9
 Stab: Sleeping          |       |     1 |     1 |     1 |       |       ||     3
       Distracted        |       |       |     1 |     1 |     2 |       ||     4
  Eat: Chunk             |     2 |     8 |    21 |    25 |    43 |       ||    99
       Beef jerky        |       |     1 |       |       |       |       ||     1
       Meat ration       |       |       |     1 |     2 |     2 |       ||     5
       Fruit             |       |       |     1 |     1 |       |       ||     2
       Bread ration      |       |       |       |     1 |       |     1 ||     2
